 Dungeon Crawl Stone Soup version 0.26-a0-505-g732bf3b8d2 (webtiles) character file.

Game seed: 87244742832524374

182 Gargoyl the Skirmisher (level 5, -1/47 HPs)
             Began as a Gnoll Abyssal Knight on Aug 9, 2020.
             Was a Believer of Lugonu.
             Slain by a gnoll
             ... wielding a cursed -2 club
              (5 damage)
             ... on level 2 of the Dungeon.
             The game lasted 00:04:30 (2653 turns).

Gargoyl the Skirmisher (Gnoll Abyssal Knight)       Turns: 2653, Time: 00:04:30

Health: -1/47      AC:  8    Str: 15    XL:     5   Next: 61%
Magic:  17/17      EV: 11    Int: 15    God:    Lugonu [**....]
Gold:   244        SH:  0    Dex: 14    Spells: 7/7 levels left

rFire    . . .     SeeInvis .   r - +2 hand axe (vorpal)
rCold    . . .     Faith    .   (no shield)
rNeg     . . .     Spirit   .   o - +0 scale mail
rPois    .         Reflect  .   (no helmet)
rElec    .         Harm     .   (no cloak)
rCorr    .                      i - +0 pair of gloves
MR       .....                  (no boots)
Stlth    ..........             (no amulet)
HPRegen  0.15/turn              c - ring of magical power
MPRegen  0.15/turn              (no ring)

@: mighty, glowing
A: distributed training, fangs 1, strong nose
a: Depart the Abyss, Bend Space, Renounce Religion


You were on level 2 of the Dungeon.
You worshipped Lugonu.
Lugonu was pleased with you.
You visited 1 branch of the dungeon, and saw 3 of its levels.
You visited the Abyss 1 time.

You collected 244 gold pieces.

Inventory:

Hand Weapons
 d - the +4 hand crossbow of Annihilation {flame, Str+4}
   (You found it on level 2 of the Abyss)

   It causes projectiles fired from it to burn those they strike, causing extra
   injury to most foes and up to half again as much damage against particularly
   susceptible opponents.
   It affects your strength (+4).
 r - a +2 vorpal hand axe (weapon)
Missiles
 l - 23 bolts
Armour
 i - a +0 pair of gloves (worn)
 o - a +0 scale mail (worn)
Jewellery
 c - a ring of magical power (left hand)
Scrolls
 b - 3 scrolls of teleportation
 k - 2 scrolls of remove curse
 m - a scroll of amnesia
 n - 2 scrolls of identify
Potions
 e - 3 potions of might
 f - 2 potions of curing {unknown}
 h - a potion of lignification {unknown}
 j - a potion of flight {unknown}
 p - a potion of heal wounds {unknown}
 q - a potion of haste {unknown}


   Skills:
 + Level 6.7 Fighting
 + Level 1.5 Short Blades
 + Level 1.5 Long Blades
 + Level 4.8 Axes
 + Level 1.5 Maces & Flails
 + Level 1.5 Polearms
 + Level 1.5 Staves
 + Level 1.5 Slings
 + Level 1.5 Bows
 + Level 1.5 Crossbows
 + Level 1.5 Throwing
 + Level 4.8 Armour
 + Level 3.0 Dodging
 + Level 1.5 Stealth
 + Level 1.5 Shields
 + Level 1.5 Unarmed Combat
 + Level 1.5 Spellcasting
 + Level 1.2 Conjurations
 + Level 1.2 Hexes
 + Level 1.2 Summonings
 + Level 1.2 Necromancy
 + Level 1.2 Translocations
 + Level 1.2 Transmutations
 + Level 1.2 Fire Magic
 + Level 1.2 Ice Magic
 + Level 1.2 Air Magic
 + Level 1.2 Earth Magic
 + Level 1.2 Poison Magic
 + Level 4.9 Invocations
 + Level 1.5 Evocations


You had 7 spell levels left.
You didn't know any spells.
Your spell library was empty.

Dungeon Overview and Level Annotations

Branches:
Dungeon (3/15)

Altars:
Nemelex Xobeh

Annotations:
D:3 3 runed translucent doors, rasy's ghost, amateur MiFi


Innate Abilities, Weirdness & Mutations

Your experience applies equally to all skills.
You have very sharp teeth.
Your uncanny sense of smell can sniff out nearby items.


Message History

The gnoll shaman hits you but does no damage.
The gnoll barely misses you.
Unknown command.
You hit the gnoll shaman but do no damage.
The gnoll shaman is severely wounded.
You barely miss the gnoll. The gnoll shaman barely misses you.
The gnoll hits you with a cursed -2 club.
* * * LOW HITPOINT WARNING * * *
Unknown command.
You hit the gnoll shaman but do no damage.
The gnoll shaman is severely wounded.
You hit the gnoll but do no damage. The gnoll shaman barely misses you.
The gnoll hits you with a cursed -2 club.
* * * LOW HITPOINT WARNING * * *
Unknown command.
It was a potion of might.
You feel very mighty all of a sudden. The gnoll shaman closely misses you.
The gnoll hits you with a cursed -2 club.
You die...

##.##.# #............#.##.#
##..##.# #####..#####...##.<
##.#.##.# #..## ###.###.
##.###.#.#######...## #.###.
#.## ##.............## #.....
##.###..######.......##
###.#.
##......####.........####....
#.......[.+.g.......'.......
##.#...####@g.......###....#
####.## ##.>.....## #.#.##
#.# ##.....## #.### #.#
##...## #.# #.# ##'## #.# #.#
#.# #.# ##.### #.# #.#
#....#######.### #.#
#..#...........# #.#


You could see a gnoll shaman and a gnoll.

Vanquished Creatures
  An orc priest (D:3)
  2 adders (D:2)
  6 gnolls (D:3)
  An ooze (D:1)
  2 worms (D:2)
  2 dart slugs (D:1)
  4 leopard geckos
  2 orcs (D:3)
  5 bats
  4 goblins
  7 hobgoblins
  4 jackals (D:3)
  6 kobolds
  2 quokkas
  8 frilled lizards
  4 rats
60 creatures vanquished.

Notes
Turn   | Place    | Note
-------+----------+-------------------------------------------
     0 | Abyss:1  | Gargoyl the Gnoll Abyssal Knight began the quest for the
                  | Orb.
     0 | Abyss:1  | Reached XP level 1. HP: 23/23 MP: 3/3
    63 | Abyss:1  | Noticed a small abomination
   119 | Abyss:2  | Got a dazzling hand crossbow
   124 | Abyss:2  | Noticed a vampire
   139 | D:1      | Escaped the Abyss
   269 | D:1      | Reached XP level 2. HP: 26/29 MP: 5/5
   562 | D:1      | Reached * piety under Lugonu
   714 | D:1      | Reached XP level 3. HP: 32/35 MP: 6/6
  1212 | D:1      | Found a sparkling altar of Nemelex Xobeh.
  1323 | D:2      | Identified the +4 hand crossbow of Annihilation {flame,
                  | Str+4} (You found it on level 2 of the Abyss)
  1810 | D:2      | Reached skill level 1 in Short Blades
  1810 | D:2      | Reached skill level 1 in Long Blades
  1810 | D:2      | Reached skill level 1 in Maces & Flails
  1810 | D:2      | Reached skill level 1 in Polearms
  1810 | D:2      | Reached skill level 1 in Staves
  1810 | D:2      | Reached skill level 1 in Slings
  1810 | D:2      | Reached skill level 1 in Bows
  1810 | D:2      | Reached skill level 1 in Crossbows
  1810 | D:2      | Reached skill level 1 in Throwing
  1810 | D:2      | Reached skill level 1 in Stealth
  1810 | D:2      | Reached skill level 1 in Shields
  1810 | D:2      | Reached skill level 1 in Unarmed Combat
  1810 | D:2      | Reached skill level 1 in Spellcasting
  1810 | D:2      | Reached skill level 1 in Evocations
  1899 | D:2      | Reached XP level 4. HP: 41/41 MP: 7/7
  2404 | D:3      | Found a runed translucent gate.
  2404 | D:3      | Noticed rasy's ghost (amateur MiFi)
  2406 | D:3      | Found a runed translucent gate.
  2413 | D:3      | Found a runed translucent gate.
  2501 | D:3      | Reached ** piety under Lugonu
  2506 | D:3      | Reached skill level 1 in Conjurations
  2506 | D:3      | Reached skill level 1 in Hexes
  2506 | D:3      | Reached skill level 1 in Summonings
  2506 | D:3      | Reached skill level 1 in Necromancy
  2506 | D:3      | Reached skill level 1 in Translocations
  2506 | D:3      | Reached skill level 1 in Transmutations
  2506 | D:3      | Reached skill level 1 in Fire Magic
  2506 | D:3      | Reached skill level 1 in Ice Magic
  2506 | D:3      | Reached skill level 1 in Air Magic
  2506 | D:3      | Reached skill level 1 in Earth Magic
  2506 | D:3      | Reached skill level 1 in Poison Magic
  2506 | D:3      | Reached XP level 5. HP: 45/47 MP: 8/8
  2627 | D:3      | Noticed an ogre
  2653 | D:2      | Slain by a gnoll

Illustrated notes

Levels and vault maps discovered:
D:1:      erik_arrival_cave_to_civilisation [erik_arrival_cave_to_temple],
          layout_rooms, hangedman_abyss_or_decor_lesser_grid,
          nemelex_altar_shiori
D:2:      minmay_spotlight, layout_loops_corners
D:3:      lemuel_castle_with_subvaults [lemuel_castle_interior_original],
          layout_basic, biasface_ghost_orc_armoury, uniq_ijyb

Skill      XL: |  1  2  3  4  5 |
---------------+----------------+-----
Short Blades   | 1 |  1.5
Long Blades    | 1 |  1.5
Maces & Flails | 1 |  1.5
Polearms       | 1 |  1.5
Staves         | 1 |  1.5
Slings         | 1 |  1.5
Bows           | 1 |  1.5
Crossbows      | 1 |  1.5
Throwing       | 1 |  1.5
Stealth        | 1 |  1.5
Shields        | 1 |  1.5
Unarmed Combat | 1 |  1.5
Spellcasting   | 1 |  1.5
Evocations     | 1 |  1.5
Conjurations   | 1 |  1.2
Hexes          | 1 |  1.2
Summonings     | 1 |  1.2
Necromancy     | 1 |  1.2
Translocations | 1 |  1.2
Transmutations | 1 |  1.2
Fire Magic     | 1 |  1.2
Ice Magic      | 1 |  1.2
Air Magic      | 1 |  1.2
Earth Magic    | 1 |  1.2
Poison Magic   | 1 |  1.2
Dodging        | 3 |  3.0
Fighting       | |  6.7
Axes           | |  4.8
Armour         | |  4.8
Invocations    | |  4.9

Action                   |  1- 3 |  4- 6 || total
-------------------------+-------+-------++-------
Melee: Hand axe          |    84 |     9 ||    93
       Bite              |     5 |       ||     5
 Fire: Hand crossbow     |     7 |    45 ||    52
Invok: Depart the Abyss  |     1 |       ||     1
  Use: Scroll            |     4 |     1 ||     5
       Potion            |       |     1 ||     1
Armor: Leather armour    |    18 |       ||    18
       Ring mail         |    27 |       ||    27
       Scale mail        |       |    15 ||    15
Dodge: Dodged            |    91 |    23 ||   114

Table legend: (Time is in decaauts)
 A = Elapsed time spent in this place.
 B = Non-inter-level travel time spent in this place.
 C = Inter-level travel time spent in this place.
 D = Time resting spent in this place.
 E = Time spent auto-exploring this place.
 F = Levels seen in this place.
 G = Mean time per level.
                   A        B        C        D        E       F      G
               +--------+--------+--------+--------+--------+-----+--------+
         Total |   2680 |   2533 |    147 |    218 |   1745 |   5 |  536.0 |
       Dungeon |   2541 |   2394 |    147 |    218 |   1647 |   3 |  847.0 |
         Abyss |    138 |    138 |      0 |      0 |     98 |   2 |   69.0 |
               +--------+--------+--------+--------+--------+-----+--------+

Top non-repeatable levels by time:
     D:1: 1253 daAuts
     D:2: 1003 daAuts
     D:3: 285 daAuts
 Abyss:1: 80 daAuts
 Abyss:2: 58 daAuts
